 Dungeon Crawl Stone Soup version 0.28-a0-1002-gf00fe891ef (webtiles) character file.

Game seed: 10730558050164248477

39 corgi the Sneak (level 3, 17/17 HPs)
             Began as a Spriggan Enchanter on Dec 7, 2021.
             Quit the game on level 2 of the Dungeon.
             The game lasted 00:06:01 (2803 turns).

corgi the Sneak (Spriggan Enchanter)                Turns: 2803, Time: 00:06:01

Health: 17/17      AC:  2    Str:  4    XL:     3   Next: 26%
Magic:  8/8        EV: 18    Int: 16    God:
Gold:   50         SH:  0    Dex: 17    Spells: 4/7 levels left

rFire   . . .      SeeInvis +   a - +1 dagger
rCold   . . .      Faith    .   (shield restricted)
rNeg    . . .      Spirit   .   b - +0 robe
rPois   .          Reflect  .   (helmet restricted)
rElec   .          Harm     .   (no cloak)
rCorr   .          Rampage  .   (gloves unavailable)
Will    .....                   (boots unavailable)
Stlth   +++.......              (no amulet)
HPRegen 0.05/turn               (no ring)
MPRegen 0.11/turn               (no ring)

@: very quick
A: very small, no large weapons, unfitting armour, see invisible, speed 3
a: no special abilities


You were on level 2 of the Dungeon.
You visited 1 branch of the dungeon, and saw 2 of its levels.

You collected 50 gold pieces.

Inventory:

Hand Weapons
 a - a +1 dagger (weapon)
Armour
 b - a +0 robe (worn)
Scrolls
 g - a scroll of identify {unknown}
 h - a scroll of enchant armour {unknown}
 i - a scroll of fog {unknown}
Potions
 c - a potion of invisibility
 d - a potion of lignification {unknown}
 e - a potion of brilliance {unknown}
 f - a potion of magic {unknown}
 j - 2 potions of curing {unknown}


   Skills:
 + Level 0.9 Fighting
 + Level 1.8 Short Blades
 - Level 3.1 Dodging
 * Level 5.5 Stealth
 - Level 2.6 Spellcasting
 - Level 3.6 Hexes


You had 4 spell levels left.
You knew the following spells:

 Your Spells              Type           Power      Damage    Failure   Level
a - Tukima's Dance        Hex            13%        N/A       13%         3

Your spell library contained the following spells:

 Spells                   Type           Power      Damage    Failure   Level
 Confusing Touch          Hex            13%        N/A       13%         3
 Ensorcelled Hibernation  Hex/Ice        14%        N/A       14%         2
 Dazzling Flash           Conj/Hex       14%        N/A       28%         3


Dungeon Overview and Level Annotations

Branches:
Dungeon (2/15)

Altars:

Shops:
D:1 !*(?*


Innate Abilities, Weirdness & Mutations

You are very small and have problems with some larger weapons.
You are too small for most types of armour.
You have supernaturally acute eyesight. (SInv)
You cover ground extremely quickly. (Speed+++)


Message History

A bat comes into view.
A bat is nearby!
A bat is nearby!
The bat completely misses you.
You barely miss the bat. The bat hits you but does no damage.
The bat misses you.
You hit the bat.
The bat is moderately wounded.
The bat closely misses you.
You hit the bat.
You kill the bat!
No target in view!
No target in view!
j - 2 emerald potions An endoplasm is nearby!
An endoplasm is nearby!
An endoplasm is nearby!
An endoplasm is nearby!
The endoplasm freezes you.
You are frozen.
You hit the endoplasm.
The endoplasm is lightly wounded.
The endoplasm freezes you.
You are frozen.
You hit the endoplasm.
The endoplasm is heavily wounded.
The endoplasm misses you.
You hit the endoplasm but do no damage.
The endoplasm is heavily wounded.
The endoplasm hits you but does no damage.
You hit the endoplasm.
You kill the endoplasm!
No target in view!
No target in view!
You start resting.
HP restored.
A worm is nearby!
A worm is nearby!
A worm is nearby!
Are you sure you want to abandon this character and quit the game? (Confirm with "yes".)

...#.#.>..............#
...#.#................#
.#.#.#................# #######
.#.#<#..........##########.....#
.#.#.###...........#...........#
.#.#.. +...........#...........#
##.### #...........#..†........#
#.# #...........#....w......#
#.#####.......P@.P#...........##
#.....######P.P≈P.≈...........+.
#####.# #.P≈≈≈PP≈..........##
######+## #P≈≈≈≈≈P≈..........#
........# #PP≈≈♣≈♣≈P..........#
........# #≈≈≈≈♣≈≈≈≈≈....######
........# ≈.≈♣♣≈♣≈≈wP##+##
........###P≈♣P≈ ≈≈≈.≈
..........≈.♣≈P. ♣≈


You could see a worm (wandering).

Vanquished Creatures
  An adder (D:2)
  A ball python (D:1)
  3 bats
  4 endoplasms
  3 giant cockroaches
  A hobgoblin (D:1)
  4 kobolds
  3 quokkas
  A goblin (D:1)
  6 rats (D:1)
27 creatures vanquished.

Vanquished Creatures (others)
  25 plants (D:2)
25 creatures vanquished.

Grand Total: 52 creatures vanquished

Notes
Turn   | Place    | Note
-------+----------+-------------------------------------------
     0 | D:1      | corgi the Spriggan Enchanter began the quest for the Orb.
     0 | D:1      | Reached XP level 1. HP: 9/9 MP: 5/5
   292 | D:1      | Found Zumic's Magic Scroll Shop.
   310 | D:1      | Reached XP level 2. HP: 3/14 MP: 6/6
   767 | D:1      | Found Kunli's General Store.
   885 | D:1      | Found a faded altar of an unknown god.
   902 | D:1      | Found Lokomups's Assorted Antiques.
   925 | D:1      | Reached skill level 5 in Stealth
  1409 | D:1      | Found Rojas's Distillery.
  1415 | D:1      | Found Ninalub's Weapon Emporium.
  2204 | D:2      | Reached XP level 3. HP: 17/17 MP: 8/8
  2219 | D:2      | Learned a level 3 spell: Tukima's Dance
  2803 | D:2      | Quit the game

Illustrated notes

Levels and vault maps discovered:
D:1:      minmay_arrival_semitransparent, layout_loops_corners, serial_shops,
          nicolae_diamond_shop, shop, nicolae_shop_advertising_works
          [nicolae_subvault_shop_adworks], shop, shop,
          shapermc_ecumenical_altar_acropolis, minmay_misc_feat_square,
          minmay_misc_feat_roman
D:2:      layout_basic, serial_bayou_lagoon_a

Skill      XL: |  1  2 |
---------------+-------+-----
Dodging        | 3 |  3.1
Stealth        | 5 |  5.5
Fighting       | |  0.9
Short Blades   | |  1.8
Spellcasting   | |  2.6
Hexes          | |  3.6

Action                   || total
-------------------------++-------
Melee: Dagger            ||   128
 Stab: Sleeping          ||    11
       Distracted        ||     1
Armor: Robe              ||    11
Dodge: Dodged            ||    81

Table legend: (Time is in decaauts)
 A = Elapsed time spent in this place.
 B = Non-inter-level travel time spent in this place.
 C = Inter-level travel time spent in this place.
 D = Time resting spent in this place.
 E = Time spent auto-exploring this place.
 F = Levels seen in this place.
 G = Mean time per level.
                   A        B        C        D        E       F      G
               +--------+--------+--------+--------+--------+-----+--------+
         Total |   2297 |   2247 |     50 |   1372 |    472 |   2 | 1148.5 |
       Dungeon |   2297 |   2247 |     50 |   1372 |    472 |   2 | 1148.5 |
               +--------+--------+--------+--------+--------+-----+--------+

Top non-repeatable levels by time:
     D:1: 1579 daAuts
     D:2: 717 daAuts
